 Dungeon Crawl Stone Soup version 0.19.1 (webtiles) character file.

119 Lilleppy the Poker (level 5, 0/40 HPs)
             Began as a Merfolk Gladiator on Dec 8, 2016.
             Was an Initiate of Fedhas.
             Slain by a river rat (7 damage)
             ... on level 3 of the Dungeon.
             The game lasted 00:04:29 (1558 turns).

Lilleppy the Poker (Merfolk Gladiator)              Turns: 1558, Time: 00:04:29

Health: 0/40       AC:  6    Str: 16    XL:     5   Next: 3%
Magic:  5/5        EV: 13    Int:  8    God:    Fedhas [......]
Gold:   81         SH:  0    Dex: 14    Spells: 0 memorised, 4 levels left

rFire  . . .     SeeInvis .     a - +0 trident
rCold  . . .     Gourm    .     m - +0 ring mail (curse)
rNeg   + . .     Faith    .     (no shield)
rPois  .         Spirit   .     c - +0 helmet
rElec  .         Reflect  .     (no cloak)
rCorr  .         Harm     .     (no gloves)
MR     .....                    (no boots)
Stlth  +.........               (no amulet)
                                (no ring)
                                l - ring of positive energy

@: starving
A: change form in water, swift swim, stealthy swim
a: Fungal Bloom, Renounce Religion


You were on level 3 of the Dungeon.
You worshipped Fedhas.
Fedhas was noncommittal.
You were starving.

You visited 1 branch of the dungeon, and saw 3 of its levels.

You collected 81 gold pieces.

Inventory:

Hand Weapons
 a - a +0 trident (weapon)
Missiles
 d - 3 throwing nets (quivered)
Armour
 b - a +0 leather armour
 c - a +0 helmet (worn)
 m - a cursed +0 ring mail (worn)
Jewellery
 l - a ring of positive energy (left hand)
Scrolls
 i - a scroll of enchant weapon {unknown}
 j - 4 scrolls of identify {unknown}
 k - 2 scrolls of teleportation {unknown}
 n - a scroll of amnesia {unknown}
 q - a scroll of remove curse {unknown}
Potions
 e - 2 potions of cancellation {unknown}
 h - a potion of agility {unknown}
 o - a potion of resistance {unknown}
 p - a potion of curing {unknown}
Comestibles
 f - a bread ration
 g - a meat ration


   Skills:
 + Level 2.9 Fighting
 + Level 6.4 Polearms
 + Level 2.1 Throwing
 + Level 1.0 Armour
 + Level 4.5 Dodging
 + Level 1.0 Stealth


You had 4 spell levels left.
You didn't know any spells.

Dungeon Overview and Level Annotations

Branches:
Dungeon (3/15)

Altars:
Fedhas


Message History

The river rat closely misses you.
You closely miss the river rat.
The river rat is heavily wounded.
The river rat bites you.
* * * LOW HITPOINT WARNING * * *
You barely miss the river rat.
The river rat is heavily wounded.
The river rat misses you.
You closely miss the river rat.
The river rat is heavily wounded.
The river rat bites you but does no damage.
You hit the river rat but do no damage.
The river rat is heavily wounded.
The river rat bites you.
* * * LOW HITPOINT WARNING * * *
You hit the river rat but do no damage.
The river rat is heavily wounded.
The river rat bites you!
You die...
Fedhas appreciates your contribution to the ecosystem.

#...≈≈#
#...≈≈++#
#...≈≈≈≈≈
#....≈.≈≈
#......≈≈
#........
##........
#@.# #r##
##†# #..#
#.## ##.#
#..# #.##
##.#


You could see a river rat.

Vanquished Creatures
  Ijyb (D:2)
  4 adders
  An adder skeleton (D:3)
  2 dart slugs (D:2)
  3 leopard geckos (D:2)
  A bat (D:2)
  5 giant cockroaches
  7 goblins
  2 hobgoblins (D:2)
  4 jackals (D:2)
  8 kobolds
  A quokka (D:2)
  A ball python (D:2)
  A frilled lizard (D:1)
  8 rats
49 creatures vanquished.

Notes
Turn   | Place    | Note
-------+----------+-------------------------------------------
     0 | D:1      | Lilleppy the Merfolk Gladiator began the quest for the Orb.
     0 | D:1      | Reached XP level 1. HP: 16/16 MP: 1/1
   117 | D:1      | Reached XP level 2. HP: 21/22 MP: 2/2
   232 | D:1      | Reached skill level 5 in Polearms
   575 | D:2      | Reached XP level 3. HP: 8/27 MP: 3/3
   993 | D:2      | Reached XP level 4. HP: 31/34 MP: 4/4
  1225 | D:2      | Noticed Ijyb
  1238 | D:2      | Killed Ijyb
  1238 | D:2      | Reached skill level 6 in Polearms
  1238 | D:2      | Reached skill level 1 in Stealth
  1353 | D:2      | Found a faded altar of an unknown god.
  1353 | D:2      | Found a faded altar of an unknown god.
  1359 | D:2      | Found a faded altar of an unknown god.
  1361 | D:2      | Found a faded altar of an unknown god.
  1364 | D:2      | Found a blossoming altar of Fedhas.
  1373 | D:2      | Became a worshipper of Fedhas Madash
  1520 | D:3      | Reached skill level 1 in Armour
  1535 | D:3      | Reached XP level 5. HP: 23/40 MP: 5/5
  1558 | D:3      | Slain by a river rat

Skill      XL: |  1  2  3  4 |
---------------+-------------+-----
Polearms       | 5 6 |  6.4
Stealth        | 1 |  1.0
Armour         | 1 |  1.0
Fighting       | |  2.9
Throwing       | |  2.1
Dodging        | |  4.5

Action                   |  1- 3 |  4- 6 || total
-------------------------+-------+-------++-------
Melee: Trident           |   104 |    90 ||   194
Invok: Fungal Bloom      |       |     1 ||     1
Armor: Leather armour    |    14 |       ||    14
       Ring mail         |    21 |    55 ||    76
Dodge: Dodged            |    88 |    81 ||   169
